 Dungeon Crawl Stone Soup version 0.19.5 (webtiles) character file.

115 Rrauwl the Chopper (level 4, 0/39 HPs)
             Began as a Minotaur Berserker on Mar 16, 2017.
             Was a Believer of Trog.
             Slain by Grinder (8 damage)
             ... on level 3 of the Dungeon.
             The game lasted 00:05:46 (1318 turns).

Rrauwl the Chopper (Minotaur Berserker)             Turns: 1318, Time: 00:05:46

Health: 0/39       AC:  3    Str: 21    XL:     4   Next: 68%
Magic:  3/3        EV: 12    Int:  4    God:    Trog [**....]
Gold:   105        SH:  0    Dex: 11    Spells: 0 memorised, 3 levels left

rFire  . . .     SeeInvis .     j - +2 whip (elec)
rCold  . . .     Gourm    .     b - +0 animal skin
rNeg   . . .     Faith    .     (no shield)
rPois  +         Spirit   .     (helmet restricted)
rElec  .         Reflect  .     d - +0 cloak
rCorr  .         Harm     .     (no gloves)
MR     +++..                    (no boots)
Stlth  +.........               (no amulet)
                                l - ring of poison resistance
                                m - ring of protection from magic

@: exhausted, regenerating, slowed, very slow
A: retaliatory headbutt, horns 2
a: Berserk, Trog's Hand, Burn Spellbooks, Renounce Religion


You were on level 3 of the Dungeon.
You worshipped Trog.
Trog was pleased with you.
You were hungry.

You visited 1 branch of the dungeon, and saw 3 of its levels.

You collected 105 gold pieces.

Inventory:

Hand Weapons
 a - a +0 hand axe
 j - a +2 whip of electrocution (weapon)
Armour
 b - a +0 animal skin (worn)
 d - a +0 cloak (worn)
Jewellery
 l - a ring of poison resistance (right hand)
 m - a ring of protection from magic (left hand)
Scrolls
 e - a scroll of remove curse {unknown}
 g - a scroll of identify
 i - a scroll of noise {unknown}
 n - a scroll of amnesia
Potions
 o - a potion of brilliance
Comestibles
 c - 3 bread rations
 f - a slice of pizza
 h - a meat ration


   Skills:
 - Level 3.6 Fighting
 + Level 6.6 Axes
 - Level 2.4 Armour
 - Level 2.1 Dodging


You had 3 spell levels left.
You didn't know any spells.

Dungeon Overview and Level Annotations

Branches:
Dungeon (3/15)

Altars:
Ashenzari

Annotations:
D:3 Grinder


Innate Abilities, Weirdness & Mutations

You reflexively headbutt those who attack you in melee.
You have a pair of horns on your head.


Message History

Grinder blinks!
Grinder hits you but does no damage.
You closely miss Grinder.
Grinder is lightly wounded.
Grinder hits you but does no damage.
You hit Grinder but do no damage. You headbutt Grinder.
Grinder is lightly wounded.
Grinder hits you.
You writhe in agony.
* * * LOW HITPOINT WARNING * * *
You whack Grinder!
Grinder is moderately wounded.
Grinder closely misses you. Grinder hits you.
* * * LOW HITPOINT WARNING * * *
You writhe in agony.
* * * LOW HITPOINT WARNING * * *
You closely miss Grinder.
Grinder is moderately wounded.
You feel the effects of Trog's Hand fading.
Grinder hits you!
You die...

........#######..%.....#
....$...# #....)...#
........# #........#
.......†### #........#
........))## #........#
.....####..# #........#
..5......#.# ##.#######
.....8...#5# #.#
....8.8..#@## #.
.).8._.8.#..#
..8.8..##.# ...8... #.#
....... #.# #.. ##. ..
..


You could see Grinder.

Vanquished Creatures
  Ijyb (D:2)
  Natasha (D:3)
  An adder (D:3)
  A worm (D:2)
  A dart slug (D:1)
  A leopard gecko (D:2)
  2 bats
  6 goblins
  9 hobgoblins
  6 jackals
  A quokka (D:2)
  2 frilled lizards (D:1)
  8 kobolds
  10 rats
50 creatures vanquished.

Notes
Turn   | Place    | Note
-------+----------+-------------------------------------------
     0 | D:1      | Rrauwl the Minotaur Berserker began the quest for the Orb.
     0 | D:1      | Reached XP level 1. HP: 19/19 MP: 0/0
   126 | D:1      | Found a shattered altar of Ashenzari.
   158 | D:1      | Reached skill level 4 in Axes
   303 | D:1      | Reached XP level 2. HP: 24/26 MP: 1/1
   562 | D:1      | Reached skill level 5 in Axes
   615 | D:1      | Reached ** piety under Trog
   846 | D:2      | Noticed Ijyb
   852 | D:2      | Killed Ijyb
   852 | D:2      | Reached XP level 3. HP: 31/31 MP: 2/2
  1095 | D:2      | Reached XP level 4. HP: 39/39 MP: 3/3
  1190 | D:3      | Reached skill level 6 in Axes
  1281 | D:3      | Noticed Natasha
  1286 | D:3      | Noticed Grinder
  1288 | D:3      | Found a faded altar of an unknown god.
  1297 | D:3      | Killed Natasha
  1318 | D:3      | Slain by Grinder

Skill      XL: |  1  2  3  4 |
---------------+-------------+-----
Axes           | 4 5 6 |  6.6
Fighting       | |  3.6
Armour         | |  2.4
Dodging        | |  2.1

Action                   |  1- 3 |  4- 6 || total
-------------------------+-------+-------++-------
Melee: Hand axe          |    48 |       ||    48
       Headbutt          |    10 |     3 ||    13
       Whip              |    12 |    26 ||    38
Invok: Berserk           |     1 |     1 ||     2
       Trog's Hand       |       |     1 ||     1
  Use: Potion            |     3 |     1 ||     4
       Scroll            |       |     1 ||     1
 Stab: Sleeping          |       |     1 ||     1
  Eat: Chunk             |     2 |     1 ||     3
Armor: Animal skin       |     8 |     6 ||    14
Dodge: Dodged            |    38 |     9 ||    47
